Map: Habitation Station LE (Void)

Players

ByuN - Winner!

  • Race: Terran Terran
  • Spawn Location: 11:00

Maru

  • Race: Terran Terran
  • Spawn Location: 1:00

Event: IEM Season 11 - Gyeonggi

VOD

https://www.youtube.com/watch?v=hkm25F_tfK0

Description

Time

  • Played on: Dec. 14, 2016, 3:40 a.m.
  • Length: 20:42

All games in this series

Show
View Real Time Build Order
Export as new Build Order

ByuN Terran - Winner!

Build Orders: 1/1/1, Bio Tank, Banshee Rush 

Get SALT Encoding   

  12  0:00  SCV  
  13  0:12  SCV  
  14  0:17  Supply Depot  
  14  0:24  SCV  
  14  0:27  Refinery  
  15  0:38  SCV  
  16  0:44  Barracks  
  16  0:50  SCV  
  16  0:55  Refinery  
  17  1:03  SCV  
  18  1:15  SCV  
  19  1:31  Factory, Orbital Command  
  19  1:34  Marine  
  20  1:46  Supply Depot  
  20  1:52  Barracks Tech Lab  
  20  1:56  SCV  
  21  2:08  SCV  
  21  2:15  Hellion, Starport  
  24  2:18  Barracks Reactor  
  24  2:20  SCV  
  25  2:24  Supply Depot  
  25  2:32  SCV  
  26  2:39  Widow Mine  
  27  2:44  SCV  
  27  2:50  Cloaking Field, Banshee  
  31  2:54  Marine x2  
  33  2:59  Supply Depot  
  33  3:06  SCV  
  37  3:14  Marine  
  37  3:17  Marine  
  36  3:30  Command Center  
  37  3:37  Banshee  
  37  3:40  Marine  
  40  3:41  Marine  
  40  3:44  Factory Tech Lab  
  40  3:47  SCV  
  42  3:54  Supply Depot  
  42  3:57  Marine  
  42  3:59  Marine, SCV  
  45  4:11  SCV  
  45  4:13  Siege Tank  
  46  4:19  Raven  
  46  4:23  SCV  
  49  4:26  Marine x2  
  51  4:33  Supply Depot  
  51  4:36  SCV  
  52  4:41  Orbital Command  
  52  4:49  SCV  
  52  4:56  Siege Tank  
  55  5:01  SCV  
  56  5:07  SCV  
  56  5:09  Viking x2  
  61  5:15  Supply Depot  
  61  5:16  SCV  
  61  5:19  SCV  
  63  5:24  Refinery  
  64  5:28  SCV  
  64  5:32  SCV  
  65  5:39  Viking x2  
  65  5:40  SCV  
  65  5:41  Supply Depot  
  70  5:42  Marine  
  70  5:44  SCV  
  72  5:50  Siege Tank  
  72  5:52  SCV  
  72  5:56  SCV  
  77  5:58  Supply Depot  
  77  6:04  SCV  
  77  6:08  SCV  
  75  6:13  Marine  
  75  6:15  Viking x2  
  75  6:17  SCV  
  81  6:22  Command Center  
  81  6:34  Marine  
  81  6:35  SCV x2  
  81  6:39  Stimpack  
  84  6:44  Barracks  
  84  6:46  Refinery, Barracks  
  84  6:48  Viking  
  84  6:50  Viking  
  84  6:53  SCV x2  
  87  6:59  Engineering Bay  
  87  7:03  Engineering Bay  
  87  7:05  SCV x2  
  88  7:14  Marine  
  87  7:17  SCV x2  
  87  7:18  Viking  
  87  7:20  Viking  
  87  7:21  Siege Tank  
  96  7:29  SCV  
  96  7:30  SCV  
  96  7:31  Terran Infantry Weapons Level 1  
  96  7:33  Terran Infantry Armor Level 1  
  96  7:39  Orbital Command  
  96  7:40  Marine  
  96  7:41  SCV  
  96  7:42  SCV  
  90  7:57  Siege Tank  
  87  7:58  Marine, Viking  
  87  8:01  SCV x2  
  92  8:05  Barracks Reactor  
  92  8:06  Barracks Reactor, Refinery x2  
  92  8:13  Barracks, SCV  
  92  8:14  Barracks  
  92  8:15  SCV x2  
  92  8:16  Marine  
  96  8:25  SCV  
  97  8:28  SCV x2  
  97  8:29  Sensor Tower, Missile Turret  
  97  8:34  Marine  
  98  8:37  SCV, Siege Tank  
  98  8:39  Medivac  
  98  8:40  SCV x2  
  107  8:47  Marine x4  
  107  8:48  Combat Shields  
  111  8:50  SCV  
  111  8:52  Marine, SCV x2  
  111  8:53  Medivac  
  111  8:55  Armory  
  117  9:00  Supply Depot  
  117  9:01  Barracks Reactor x2  
  117  9:05  Supply Depot  
  117  9:08  Supply Depot  
  117  9:09  SCV  
  116  9:16  Marine  
  117  9:22  Marine x3, Factory, Medivac, Siege Tank  
  125  9:24  Supply Depot  
  125  9:25  Supply Depot  
  125  9:27  Marine, Medivac  
  128  9:33  Marine, Supply Depot  
  129  9:40  Marine x3  
  129  9:44  Marine  
  129  9:45  Marine x4  
  133  9:51  Marine  
  133  9:52  Viking  
  138  9:56  Terran Infantry Weapons Level 2  
  138  9:57  Marine x3, Viking  
  143  10:00  Terran Infantry Armor Level 2  
  143  10:02  Marine  
  143  10:03  Marine x2  
  146  10:08  Marine x2  
  146  10:09  Marine  
  147  10:15  Marine x3  
  147  10:17  Siege Tank  
  147  10:20  Marine, Terran Vehicle Weapons Level 1  
  150  10:21  Factory Tech Lab  
  150  10:25  Sensor Tower  
  150  10:27  Marine x5  
  155  10:33  Marine x3  
  154  10:38  Marine  
  147  10:45  Marine x5  
  152  10:51  Marine x3  
  152  10:52  Sensor Tower  
  152  10:56  Marine  
  151  10:59  Siege Tank x2  
  151  11:03  Marine x5  
  160  11:08  Medivac x2  
  160  11:09  Marine  
  165  11:15  Supply Depot x2  
  165  11:17  Supply Depot  
  165  11:38  Viking x2  
  172  11:40  Siege Tank  
  172  11:44  Siege Tank  
  168  11:51  Marine x6  
  160  12:06  Marine  
  160  12:07  Marine x2  
  160  12:08  Viking x2  
  165  12:11  Command Center  
  167  12:17  Marine x4  
  171  12:25  Marine  
  171  12:26  Marine x2  
  171  12:27  Marine  
  171  12:28  Marine  
  176  12:32  Siege Tank  
  176  12:33  Siege Tank  
  178  12:48  Marine  
  178  12:49  Marine x4  
  176  12:52  Terran Infantry Weapons Level 3  
  176  13:04  Marine, Siege Tank  
  176  13:05  Siege Tank  
  179  13:06  Marine  
  179  13:08  Marine x3  
  179  13:09  Marine  
  182  13:13  Marine x2  
  182  13:17  Marine  
  182  13:22  Marine  
  182  13:23  Marine  
  182  13:26  Marine  
  166  13:30  Marine  
  155  13:34  Marine  
  155  13:35  Marine x2  
  155  13:37  Siege Tank x2  
  155  13:39  Marine  
  155  13:40  Marine  
  155  13:41  Marine x2  
  159  13:44  Marine  
  159  13:45  Planetary Fortress  
  157  13:48  Marine  
  157  13:53  Viking  
  160  13:57  Viking  
  161  14:07  Marine  
  161  14:08  Marine  
  161  14:09  Siege Tank  
  139  14:10  Marine  
  139  14:12  Marine  
  139  14:13  Marine  
  139  14:15  Marine  
  139  14:16  Marine  
  136  14:23  Viking  
  136  14:25  Marine  
  136  14:26  Marine  
  136  14:27  Viking  
  139  14:31  Marine  
  139  14:34  Marine x3  
  139  14:38  Marine x3  
  141  14:43  Marine  
  141  14:44  Marine  
  143  14:47  Siege Tank  
  143  14:48  Barracks x2  
  143  14:49  Barracks, Marine  
  143  14:52  Marine x3  
  140  14:53  Viking  
  140  14:55  Siege Tank  
  140  14:56  Marine x3  
  140  14:57  Viking  
  150  15:01  Marine  
  150  15:02  Marine  
  152  15:07  Marine, Terran Infantry Armor Level 3  
  147  15:23  Medivac  
  147  15:27  Marine x6, Medivac  
  147  15:28  Marine x2, Siege Tank  
  156  15:33  Marine  
  156  15:35  Siege Tank  
  162  15:47  Marine  
  150  15:50  Marine x3  
  150  15:53  Medivac  
  150  15:55  Marine  
  156  15:57  Marine x2, Medivac  
  156  15:59  Marine  
  156  16:00  Siege Tank  
  156  16:06  Marine x2  
  156  16:07  Siege Tank  
  156  16:08  Marine x3  
  156  16:09  Barracks Reactor x3  
  156  16:11  Missile Turret  
  162  16:23  Medivac  
  162  16:24  Marine x2  
  166  16:27  Medivac  
  166  16:32  Siege Tank  
  171  16:39  Marine, Siege Tank  
  175  16:43  Marine x2  
  172  16:50  Marine x2  
  172  16:53  Viking  
  173  16:55  Marine x2  
  173  16:57  Viking  
  175  17:07  Marine  
  175  17:08  Marine x9  
  185  17:14  Marine  
  185  17:15  Marine  
  176  17:16  Marine  
  176  17:17  Marine x2  
  170  17:23  Viking, Siege Tank  
  170  17:25  Marine x3  
  170  17:26  Marine  
  170  17:27  Viking  
  176  17:31  Marine x4  
  179  17:38  Marine  
  180  17:48  Marine x7  
  187  17:53  Viking  
  189  17:59  Siege Tank x2  
  189  18:04  Viking  
  197  18:10  Marine x3  
  198  18:20  Marine  
  191  18:27  Marine  
  191  18:28  Marine  
  191  18:31  Siege Tank  
  191  18:32  Siege Tank  
  191  18:33  Marine  
  184  18:37  Marine  
  184  18:38  Marine x6  
  183  18:45  Marine  
  180  18:48  Marine  
  180  18:49  Marine  
  180  18:53  Marine  
  180  18:54  Marine  
  184  19:00  Viking x2  
  185  19:03  Siege Tank  
  185  19:06  Marine  
  184  19:13  Marine x9  
  184  19:14  Marine x2  
  195  19:29  Marine, Orbital Command  
  195  19:30  Marine x2, Medivac  
  194  19:57  Medivac  
  192  20:00  Medivac  
  192  20:02  Marine  
  192  20:06  Marine x5  
  192  20:10  Marine  
  192  20:13  Marine x4  
  188  20:22  Marine x2  
Show
View Real Time Build Order
Export as new Build Order

Maru Terran 

Build Orders: 1/1/1, Cyclone Opening, Bio Tank 

Get SALT Encoding   

  12  0:00  SCV  
  13  0:12  SCV  
  14  0:17  Supply Depot  
  14  0:24  SCV  
  14  0:27  Refinery  
  15  0:38  SCV  
  16  0:45  Barracks  
  16  0:50  SCV  
  16  0:56  Refinery  
  17  1:03  SCV  
  18  1:15  SCV  
  19  1:32  Orbital Command  
  19  1:33  Reaper  
  19  1:34  Factory  
  20  1:44  Supply Depot  
  20  1:58  SCV  
  21  2:05  Reaper  
  22  2:10  SCV  
  23  2:19  Cyclone  
  23  2:20  Starport  
  23  2:22  SCV  
  27  2:31  Supply Depot  
  27  2:34  SCV  
  28  2:43  Barracks Tech Lab  
  27  2:46  SCV  
  28  2:57  Viking  
  30  2:59  SCV  
  31  3:14  Command Center  
  31  3:16  SCV  
  32  3:23  Widow Mine  
  32  3:24  Barracks Reactor  
  34  3:32  SCV  
  34  3:33  Raven  
  37  3:39  Supply Depot  
  37  3:44  SCV  
  38  3:56  SCV  
  38  4:00  Marine x2  
  40  4:08  SCV  
  38  4:20  SCV  
  39  4:26  Orbital Command  
  39  4:28  Viking x2  
  43  4:33  SCV  
  44  4:40  Siege Tank  
  44  4:43  Marine  
  47  4:54  SCV  
  47  4:55  SCV  
  49  5:01  Refinery  
  49  5:03  Viking  
  49  5:06  SCV  
  52  5:08  Viking  
  52  5:12  SCV  
  55  5:18  Siege Tank  
  58  5:23  SCV  
  58  5:25  Supply Depot  
  58  5:29  SCV  
  58  5:33  Barracks Tech Lab  
  60  5:35  SCV  
  60  5:41  SCV  
  61  5:42  Supply Depot  
  61  5:46  Viking  
  61  5:48  Viking  
  65  5:50  Supply Depot  
  65  5:52  SCV  
  65  5:54  SCV  
  67  5:57  Stimpack  
  65  6:12  SCV  
  65  6:13  SCV  
  65  6:19  Marine, Siege Tank  
  65  6:25  SCV x2  
  65  6:34  Command Center  
  65  6:37  SCV x2  
  67  6:40  Viking x2  
  71  6:48  Engineering Bay  
  71  6:49  SCV x2  
  71  6:50  Engineering Bay  
  73  6:57  Siege Tank  
  73  7:01  SCV x2  
  78  7:11  Barracks  
  78  7:13  Barracks, SCV  
  79  7:18  Terran Infantry Armor Level 1, Terran Infantry Weapons Level 1  
  79  7:21  SCV  
  80  7:30  Medivac x2  
  80  7:35  SCV  
  80  7:36  Supply Depot  
  85  7:38  Refinery, SCV  
  82  7:52  Marine  
  82  7:53  Siege Tank  
  82  7:56  SCV  
  79  8:03  Barracks Reactor  
  79  8:04  Barracks Reactor  
  79  8:06  Barracks x2  
  79  8:07  Orbital Command  
  79  8:13  Combat Shields  
  79  8:14  Marine  
  79  8:16  SCV  
  79  8:17  SCV  
  82  8:29  Siege Tank  
  82  8:32  Marine  
  86  8:35  SCV  
  86  8:39  Armory  
  85  8:43  SCV  
  85  8:47  SCV  
  87  8:49  Marine x4  
  87  8:50  Marine, Orbital Command  
  87  8:55  Barracks Reactor  
  92  8:56  Barracks Reactor  
  92  9:01  Supply Depot  
  92  9:05  Siege Tank  
  92  9:06  Marine x2  
  92  9:07  Marine  
  96  9:14  Marine, SCV  
  96  9:15  SCV  
  99  9:17  Supply Depot  
  99  9:23  SCV  
  100  9:24  Medivac x2  
  100  9:27  SCV  
  100  9:28  Marine x3  
  108  9:34  Refinery x2  
  108  9:35  Marine x2  
  110  9:42  Marine x3  
  111  9:46  Marine x4  
  111  9:52  SCV  
  116  9:53  Marine  
  116  9:54  Supply Depot  
  116  9:57  Marine  
  118  10:01  Terran Infantry Weapons Level 2  
  118  10:07  Terran Infantry Armor Level 2  
  118  10:15  Marine  
  118  10:16  Marine x5  
  118  10:19  Marine  
  125  10:24  Supply Depot  
  125  10:28  Marine x2  
  125  10:33  Marine x2  
  124  10:37  Marine  
  124  10:38  Marine x4  
  118  10:46  Marine x2  
  118  10:48  Medivac x2, Siege Tank  
  127  10:51  Marine x2  
  127  10:55  Marine x2  
  131  11:03  Supply Depot  
  131  11:04  Supply Depot  
  131  11:05  Marine x5  
  131  11:09  Marine x2  
  138  11:13  Marine  
  139  11:22  Terran Vehicle Weapons Level 1  
  139  11:24  Factory  
  139  11:25  Siege Tank  
  142  11:27  Medivac  
  142  11:28  Marine x3, Medivac  
  142  11:30  Marine  
  142  11:32  Marine  
  151  11:40  Liberator  
  151  11:44  Liberator  
  148  11:50  Marine x5  
  148  11:51  Marine x4  
  154  11:59  Supply Depot  
  157  12:01  Supply Depot  
  157  12:08  Marine  
  158  12:11  Command Center  
  158  12:15  Siege Tank  
  161  12:18  Marine  
  161  12:22  Marine  
  156  12:31  Factory Tech Lab  
  156  12:39  Marine x6  
  156  12:40  Viking  
  164  12:44  Viking, Orbital Command  
  164  12:47  Siege Tank  
  164  12:50  Marine  
  143  13:06  Marine x6  
  143  13:07  Siege Tank  
  143  13:10  Medivac  
  152  13:14  Medivac  
  152  13:19  Siege Tank  
  143  13:31  Marine x7  
  130  13:39  Siege Tank  
  132  13:44  Viking x2  
  128  13:51  Siege Tank  
  131  13:57  Marine  
  131  13:58  Marine x4  
  136  14:08  Marine  
  136  14:09  Marine x3  
  120  14:11  Cyclone  
  120  14:14  Viking x2  
  120  14:15  Marine  
  120  14:16  Marine x3  
  122  14:23  Siege Tank  
  122  14:26  Liberator  
  119  14:32  Marine x3  
  119  14:36  Marine x2  
  120  14:47  Marine x4  
  120  14:50  Marine x3  
  119  14:54  Marine x2  
  116  15:04  Refinery, Marine  
  116  15:05  Marine x3  
  120  15:07  Marine  
  120  15:08  Marine x2  
  120  15:12  Marine x2, Liberator  
  119  15:22  Marine  
  119  15:23  Marine x3  
  119  15:25  Marine x2  
  122  15:29  Marine  
  122  15:30  Marine x2  
  128  15:39  Viking  
  128  15:40  Marine x4  
  134  15:43  Marine  
  134  15:44  Refinery  
  134  15:49  Marine x3  
  127  16:08  Marine x7  
  127  16:09  Marine, Siege Tank  
  127  16:10  Siege Tank  
  141  16:19  Marine  
  142  16:26  Marine x3  
  142  16:29  Marine  
  142  16:30  Marine  
  142  16:31  Viking x2  
  149  16:48  Marine x2  
  149  16:52  Marine x3  
  151  16:59  Marine, Orbital Command, Siege Tank  
  150  17:01  Viking  
  148  17:18  Marine x7  
  143  17:28  Marine, Siege Tank  
  145  17:30  Liberator  
  145  17:39  Marine  
  146  17:46  Marine, Liberator  
  150  18:05  Marine  
  154  18:13  Liberator  
  154  18:16  Marine  
  146  18:30  Marine  
  146  18:31  Marine x6  
  119  18:44  Marine x2  
  119  18:47  Orbital Command  
  115  18:48  Marine x3  
  118  19:01  Marine x2  
  115  19:23  Marine  
  115  19:24  Siege Tank  
  116  19:39  Marine x6  
  116  19:40  Siege Tank  
  116  19:44  Marine x3  
  124  19:56  Siege Tank  
  127  20:03  Marine x4  
  122  20:12  Marine x3  
  97  20:14  Marine  
  97  20:15  Marine  
  97  20:21  Marine x2  

Tags
 
Add a new tag
Caveats
  • Supply blocks, unpowered buildings, or Contaminate may cause inaccurate times.
  • Supply counts are checked every 10 seconds.